 Dungeon Crawl Stone Soup version 0.22-a0-430-g6609fc6 (webtiles) character file.

12602 raistware the Destroyer (level 11, -5/70 HPs)
             Began as a Mummy Wizard on May 26, 2018.
             Was an Initiate of Gozag.
             Slain by a five-headed hydra (6 damage)
             ... on level 1 of the Lair of Beasts.
             The game lasted 00:56:36 (14598 turns).

raistware the Destroyer (Mummy Wizard)             Turns: 14598, Time: 00:56:37

Health: -5/70      AC:  7    Str: 10    XL:     11   Next: 64%
Magic:  13/29      EV: 12    Int: 22    God:    Gozag
Gold:   1424       SH:  0    Dex: 10    Spells: 11/22 levels left

rFire    x . .     SeeInvis .   d - +1 trident (protect)
rCold    + + .     Gourm    .   (no shield)
rNeg     + + +     Faith    .   v - +1 leather armour {rF+}
rPois    ∞         Spirit   .   b - +0 hat
rElec    .         Reflect  .   (no cloak)
rCorr    .         Harm     .   s - +0 pair of gloves
MR       +....                  m - +1 pair of boots
Stlth    ++........             D - amulet of magic regeneration
HPRegen  0.21/turn              A - ring of magical power
MPRegen  0.46/turn              t - ring of ice

@: no status effects
A: no food or potions, fire vulnerability, cold resistance 1, negative energy
resistance 3, torment resistance, unbreathing
a: Potion Petition, Call Merchant, Bribe Branch, Renounce Religion


You were on level 1 of the Lair of Beasts.
You worshipped Gozag.
Gozag was most pleased with you.
You were not hungry.

You visited 3 branches of the dungeon, and saw 12 of its levels.

You collected 2363 gold pieces.
You spent 360 gold pieces at shops.
You paid 579 gold pieces to Gozag.

Inventory:

Hand Weapons
 d - a +1 trident of protection (weapon)
 k - a +0 blowgun
 u - a +2 dagger of venom
 y - a +1 hunting sling of freezing
Missiles
 e - 310 stones (quivered)
 j - 25 poisoned needles
Armour
 b - a +0 hat (worn)
 m - a +1 pair of boots (worn)
 s - a +0 pair of gloves (worn)
 v - a +1 leather armour of fire resistance (worn)
Jewellery
 g - an uncursed ring of fire
 l - a cursed amulet of inaccuracy {unknown}
 q - a +4 ring of strength
 t - a ring of ice (right hand)
 x - an uncursed ring of stealth
 z - an uncursed ring of fire
 A - a ring of magical power (left hand)
 D - an amulet of magic regeneration (around neck)
Wands
 a - a wand of paralysis (8)
 c - a wand of iceblast (4)
Scrolls
 f - 3 scrolls of immolation {unknown}
 h - a scroll of enchant weapon {unknown}
 i - 8 scrolls of amnesia {unknown}
 n - 2 scrolls of fear {unknown}
 o - 12 scrolls of identify
 p - 9 scrolls of remove curse
 r - a scroll of enchant armour
 w - a scroll of teleportation {unknown}
 C - a scroll of magic mapping {unknown}


   Skills:
 - Level 1.0 Fighting
 + Level 2.5 Armour
 + Level 2.6 Dodging
 + Level 2.9 Stealth
 + Level 6.4 Spellcasting
 * Level 13.2 Conjurations
 - Level 1.0 Summonings
 - Level 1.0 Translocations
 + Level 5.2 Fire Magic


You had 11 spell levels left.
You knew the following spells:

 Your Spells              Type           Power        Failure   Level  Hunger
a - Magic Dart            Conj           ####         1%          1    N/A
b - Blink                 Tloc           N/A          12%         2    N/A
c - Call Imp              Summ           ##......     12%         2    N/A
d - Conjure Flame         Conj/Fire      #####...     1%          3    N/A
e - Mephitic Cloud        Conj/Pois/Air  ####....     5%          3    N/A

Your spell library contained the following spells:

 Spells                   Type           Power        Failure   Level  Hunger
 Slow                     Hex            #.......     17%         2    N/A

Dungeon Overview and Level Annotations

Branches:
Dungeon (10/15)            Temple (1/1) D:6            Lair (1/6) D:9
    Orc (0/2) D:9

Altars:
Ashenzari
Cheibriados
Dithmenos
Elyvilon
Fedhas
Gozag
Hepliaklqana
Kikubaaqudgha
Makhleb
Nemelex Xobeh
Okawaru
Qazlal
Ru
Sif Muna
Trog
Uskayaw
Vehumet
Wu Jian
Xom
Yredelemnul
Zin
The Shining One

Shops:
D:9 =


Innate Abilities, Weirdness & Mutations

You do not eat or drink.
Your flesh is vulnerable to fire.
You are immune to poison.
Your flesh is cold resistant. (rC+)
You are immune to negative energy. (rN+++)
You are immune to unholy pain and torment.
You can survive without breathing.


Message History

The five-headed hydra is engulfed in blazing flames.
The five-headed hydra bites you!
* * * LOW HITPOINT WARNING * * *
The five-headed hydra bites you.
* * * LOW HITPOINT WARNING * * *
The five-headed hydra bites you.
* * * LOW HITPOINT WARNING * * *
The five-headed hydra bites you but does no damage.
The five-headed hydra misses you.
Casting: Conjure Flame (safe; 1% risk of failure)
Confirm with . or Enter, or press ? or * to list all spells.
You blink.
The five-headed hydra is engulfed in blazing flames.
The five-headed hydra bites you but does no damage.
The five-headed hydra bites you.
* * * LOW HITPOINT WARNING * * *
The five-headed hydra barely misses you.
The five-headed hydra bites you.
You die...
Your body crumbles into a pile of gold.

####..<......... ...#
................ ...#
####..#......... ....#
####..P###### ##..# #..##
P..# # #..# #k.# ####.#..##
###..#
........P##############P#..#
............§§D@§..§k......#
######.########.#.#######...#
## ##### #..## #..# #..# #..#
#..# ...#


You could see a five-headed hydra and a rime drake.

Vanquished Creatures
  5 two-headed ogres
  A rime drake (Lair:1)
  A hornet (D:10)
  A slime creature (Lair:1)
  6 blink frogs (Lair:1)
  The ghost of Soeti the Insei, an amateur OpTm of Qazlal (D:5)
  A hippogriff (Lair:1)
  Sigmund (D:2)
  A wyvern (Lair:1)
  14 yaks (D:10)
  Menkaure (D:6)
  2 porcupines (Lair:1)
  A water moccasin (D:9)
  4 orc warriors
  An ice beast (D:8)
  2 sky beasts
  A phantom (D:7)
  4 ogres
  4 centaurs
  A crocodile (Lair:1)
  5 bullfrogs
  A gnoll sergeant (D:6)
  A wyvern zombie (D:7)
  7 wights
  4 howler monkeys
  4 crimson imps
  8 jellies
  2 centaur zombies
  5 hounds
  4 gnoll shamans (D:6)
  4 orc priests
  Crazy Yiuf (D:4)
  2 centaur skeletons
  Natasha (thrice) (D:2)
  A bullfrog skeleton (D:5)
  An iguana (D:10)
  Ijyb (D:4)
  8 orc wizards
  10 worker ants
  Terence (D:2)
  2 hound skeletons
  A worker ant zombie (D:5)
  26 gnolls (D:6)
  13 adders
  2 shadow imps (D:5)
  9 oozes (Lair:1)
  An adder zombie (D:10)
  An adder skeleton (D:7)
  A worm (D:4)
  2 dart slugs
  7 leopard geckos
  48 orcs
  3 bats
  5 giant cockroaches
  5 goblins
  6 hobgoblins
  34 jackals
  9 kobolds
  6 quokkas
  3 ball pythons
  6 frilled lizards
  A jackal zombie (D:7)
  A quokka zombie (D:8)
  10 rats
328 creatures vanquished.

Vanquished Creatures (collateral kills)
  A crimson imp (D:6)
  2 gnolls (D:6)
3 creatures vanquished.

Vanquished Creatures (others)
  An orc wizard (D:9)
  10 fungi (Lair:1)
11 creatures vanquished.

Grand Total: 342 creatures vanquished

Notes
Turn   | Place    | Note
-------+----------+-------------------------------------------
     0 | D:1      | raistware the Mummy Wizard began the quest for the Orb.
     0 | D:1      | Reached XP level 1. HP: 13/13 MP: 5/5
    33 | D:1      | Reached skill level 1 in Conjurations
   140 | D:1      | Reached XP level 2. HP: 16/19 MP: 5/7
   181 | D:1      | Learned a level 2 spell: Blink
   184 | D:1      | Learned a level 2 spell: Call Imp
   627 | D:1      | Reached skill level 2 in Conjurations
   679 | D:1      | Reached skill level 1 in Summonings
   679 | D:1      | Reached skill level 1 in Translocations
   769 | D:1      | Reached XP level 3. HP: 9/24 MP: 4/8
   776 | D:1      | Learned a level 3 spell: Conjure Flame
  1788 | D:2      | Noticed Terence
  2059 | D:3      | Reached XP level 4. HP: 17/30 MP: 2/10
  2420 | D:3      | Found a sparkling altar of Nemelex Xobeh.
  2536 | D:2      | Learned a level 3 spell: Mephitic Cloud
  2658 | D:2      | Killed Terence
  2658 | D:2      | Reached skill level 1 in Fire Magic
  2736 | D:2      | Noticed Natasha
  2761 | D:2      | Killed Natasha
  2761 | D:2      | Reached skill level 3 in Conjurations
  2800 | D:2      | Noticed Natasha
  2810 | D:2      | Killed Natasha
  2810 | D:2      | Reached XP level 5. HP: 18/35 MP: 9/12
  2824 | D:2      | Noticed Natasha
  2835 | D:2      | Killed Natasha
  2838 | D:2      | Noticed Sigmund
  2973 | D:2      | Killed Sigmund
  2973 | D:2      | Reached skill level 5 in Spellcasting
  2973 | D:2      | Reached XP level 6. HP: 41/41 MP: 11/13
  3322 | D:4      | Reached skill level 4 in Conjurations
  3608 | D:4      | Found a runed door.
  3612 | D:4      | Noticed Crazy Yiuf
  3624 | D:4      | Killed Crazy Yiuf
  3668 | D:4      | Reached XP level 7. HP: 46/46 MP: 7/14
  3721 | D:4      | Noticed Ijyb
  3741 | D:4      | Killed Ijyb
  4010 | D:5      | Entered Level 5 of the Dungeon
  4391 | D:5      | Reached skill level 5 in Conjurations
  4928 | D:5      | Noticed Soeti's ghost (amateur OpTm)
  4934 | D:5      | Killed Soeti's ghost
  5096 | D:5      | Found an ancient bone altar of Kikubaaqudgha.
  5341 | D:6      | Found a staircase to the Ecumenical Temple.
  5439 | D:6      | Reached skill level 6 in Conjurations
  5439 | D:6      | Reached XP level 8. HP: 36/52 MP: 7/15
  5442 | Temple   | Entered the Ecumenical Temple
  5685 | Temple   | Became a worshipper of Gozag Ym Sagoz the Greedy
  6064 | D:6      | Noticed Menkaure
  6258 | D:6      | Killed Menkaure
  6369 | D:6      | Reached skill level 7 in Conjurations
  7118 | D:6      | Reached skill level 8 in Conjurations
  7865 | D:7      | Reached XP level 9. HP: 57/57 MP: 14/16
  7880 | D:7      | Noticed a two-headed ogre
  8110 | D:7      | Reached skill level 1 in Armour
  8431 | D:7      | Killed a two-headed ogre
  8431 | D:7      | Reached skill level 9 in Conjurations
  8908 | D:7      | Reached skill level 10 in Conjurations
  9057 | D:8      | Noticed a two-headed ogre
  9114 | D:8      | Killed a two-headed ogre
  9590 | D:8      | Reached XP level 10. HP: 63/63 MP: 18/18
 10288 | D:8      | Noticed a two-headed ogre
 10343 | D:8      | Killed a two-headed ogre
 10674 | D:9      | Found a staircase to the Lair.
 10711 | D:9      | Reached skill level 5 in Fire Magic
 11181 | D:9      | Reached skill level 11 in Conjurations
 11825 | D:9      | Found a shadowy altar of Dithmenos.
 11828 | D:9      | Found an ancient bone altar of Kikubaaqudgha.
 11831 | D:9      | Found a glowing golden altar of the Shining One.
 11894 | D:9      | Found a staircase to the Orcish Mines.
 12058 | D:9      | Noticed a two-headed ogre
 12148 | D:9      | Killed a two-headed ogre
 12248 | D:9      | Found a hazy altar of Hepliaklqana.
 12536 | D:9      | Bought an uncursed amulet of magic regeneration for 360 gold pieces
 12567 | D:10     | Entered Level 10 of the Dungeon
 12824 | D:10     | Reached skill level 12 in Conjurations
 13114 | D:10     | Reached XP level 11. HP: 58/68 MP: 20/20
 13288 | D:10     | Noticed a two-headed ogre
 13295 | D:10     | Killed a two-headed ogre
 13385 | D:10     | Reached skill level 13 in Conjurations
 14054 | Lair:1   | Entered Level 1 of the Lair of Beasts
 14113 | Lair:1   | Reached skill level 1 in Fighting
 14229 | Lair:1   | HP: 3/70 [rime drake (2)]
 14580 | Lair:1   | Noticed a five-headed hydra
 14597 | Lair:1   | HP: 3/70 [five-headed hydra (2)]
 14598 | Lair:1   | HP: 1/70 [five-headed hydra (2)]
 14598 | Lair:1   | Slain by a five-headed hydra

Vault maps used:
D:1:      minmay_arrival_statue_studded, st_stairs_11
D:2:      uniq_natasha, uniq_sigmund, uniq_terence
D:3:      nemelex_diamond_rough_becter
D:4:      uniq_crazy_yiuf_cottage, uniq_ijyb
D:5:      first_ration, basic_altar, minmay_misc_feat_hallway
D:6:      lemuel_castle_with_subvaults, temple_pool_b, uniq_menkaure
D:7:      minmay_misc_feat_roman
D:9:      grunt_temple_overflow_diamond, lemuel_doored_altar, lair_entry_dummy,
          hiddenorc2_lemuel
Temple:   eino_narrow_crystal_temple
Lair:1:   lemuel_slime, portal_ice_cave_entry_pillars_1, lemuel_oklob_altar

Skill      XL: |  1  2  3  4  5  6  7  8  9 10 11 |
---------------+----------------------------------+-----
Conjurations   | 1 2 3 4 6 8 10 12 13 | 13.2
Summonings     | 1 |  1.0
Translocations | 1 |  1.0
Fire Magic     | 1 2 3 4 5 |  5.2
Dodging        | 2 |  2.6
Spellcasting   | 5 6 |  6.4
Armour         | 2 |  2.5
Stealth        | 2 |  2.9
Fighting       | 1 |  1.0

Action                   |  1- 3 |  4- 6 |  7- 9 | 10-12 || total
-------------------------+-------+-------+-------+-------++-------
Melee: Short sword       |   110 |       |     4 |       ||   114
       Dagger            |       |       |   107 |       ||   107
       Trident           |       |       |   114 |   333 ||   447
 Fire: Hunting sling     |       |   112 |   102 |       ||   214
       Blowgun           |       |       |    13 |       ||    13
 Cast: Magic Dart        |    74 |    14 |   264 |   175 ||   527
       Mephitic Cloud    |       |     6 |    17 |    26 ||    49
       Conjure Flame     |       |     4 |    11 |    63 ||    78
       Call Imp          |       |       |     4 |       ||     4
       Blink             |       |       |       |     5 ||     5
Invok: Call Merchant     |       |       |       |     1 ||     1
       Potion Petition   |       |       |       |     1 ||     1
Evoke: Wand              |       |       |     7 |       ||     7
       Phantom mirror    |       |       |       |     1 ||     1
  Use: Scroll            |       |     4 |       |     1 ||     5
 Stab: Confused          |       |       |     5 |     7 ||    12
       Sleeping          |       |       |     2 |     1 ||     3
       Distracted        |       |       |     1 |     1 ||     2
Armor: Robe              |     5 |     7 |    51 |       ||    63
       Scale mail        |    67 |       |       |       ||    67
       Leather armour    |       |       |    50 |   131 ||   181
Dodge: Dodged            |    83 |    26 |   185 |   191 ||   485

Table legend:
 A = Spawn XP
 B = Non-spawn XP
 C = Spawn XP percentage of total XP
 D = Spawn monster count
 E = Non-spawn monster count
 F = Spawn count percentage of total count
 G = Total turns spent on level
                    A         B        C        D         E        F      G
               +---------+---------+-------+---------+---------+-------+---------
         Total |       0 |   18004 |   0.0 |       0 |     332 |   0.0 | 14598
               +---------+---------+-------+---------+---------+-------+---------
           D:1 |       0 |      53 |   0.0 |       0 |      31 |   0.0 |  1431
           D:2 |       0 |     355 |   0.0 |       0 |      15 |   0.0 |   897
           D:3 |       0 |      51 |   0.0 |       0 |      18 |   0.0 |   857
           D:4 |       0 |     454 |   0.0 |       0 |      21 |   0.0 |  1180
           D:5 |       0 |     446 |   0.0 |       0 |      16 |   0.0 |   935
           D:6 |       0 |    1218 |   0.0 |       0 |      64 |   0.0 |  2002
           D:7 |       0 |    1816 |   0.0 |       0 |      25 |   0.0 |  1492
           D:8 |       0 |    2597 |   0.0 |       0 |      21 |   0.0 |  1618
           D:9 |       0 |    1805 |   0.0 |       0 |      50 |   0.0 |  1924
          D:10 |       0 |    5901 |   0.0 |       0 |      42 |   0.0 |  1457
        Lair:1 |       0 |    3308 |   0.0 |       0 |      29 |   0.0 |   544
               +---------+---------+-------+---------+---------+-------+---------
